 Dungeon Crawl Stone Soup version 0.21.1-1-g345015f (webtiles) character file.

121 inmateoo the Ruffian (level 4, -13/33 HPs)
             Began as a Minotaur Fire Elementalist on Feb 18, 2018.
             Mangled by an ogre
             ... wielding a +0 giant spiked club
              (19 damage)
             ... on level 4 of the Dungeon.
             The game lasted 00:02:18 (2728 turns).

inmateoo the Ruffian (Minotaur Fire Elementalist)   Turns: 2728, Time: 00:02:20

Health: -13/33     AC:  8    Str: 13    XL:     4   Next: 76%
Magic:  5/5        EV: 16    Int: 12    God:
Gold:   148        SH:  0    Dex: 16    Spells: 4/5 levels left

rFire    + . .     SeeInvis .     - Unarmed
rCold    + . .     Gourm    .   (no shield)
rNeg     . . .     Faith    .   d - +0 ring mail
rPois    +         Spirit   .   (helmet restricted)
rElec    +         Reflect  .   (no cloak)
rCorr    +         Harm     .   k - +2 pair of gloves
MR       .....                  (no boots)
Stlth    ++........             (no amulet)
HPRegen  0.11/turn              (no ring)
MPRegen  0.09/turn              (no ring)

@: agile, resistant
A: retaliatory headbutt, horns 2
a: no special abilities


You were on level 4 of the Dungeon.
You were not hungry.

You visited 1 branch of the dungeon, and saw 4 of its levels.

You collected 148 gold pieces.

Inventory:

Armour
 d - a +0 ring mail (worn)
 k - a +2 pair of gloves (worn)
Scrolls
 a - a scroll of remove curse {unknown}
 f - a scroll of enchant armour {unknown}
 h - a scroll of teleportation {unknown}
Potions
 g - 2 potions of cancellation
 l - a potion of agility
Books
 b - a book of Flames

   Spells                             Type                      Level
   a - Flame Tongue                   Conjuration/Fire             1
   b - Throw Flame                    Conjuration/Fire             2
   c - Conjure Flame                  Conjuration/Fire             3
   d - Inner Flame                    Hexes/Fire                   3
   e - Sticky Flame                   Conjuration/Fire             4
   f - Fireball                       Conjuration/Fire             5
Comestibles
 c - 6 rations
 i - a chunk of flesh


   Skills:
 - Level 2.1 Dodging
 - Level 1.5 Stealth
 * Level 4.9 Unarmed Combat
 - Level 1.3 Spellcasting
 - Level 0.6 Conjurations
 - Level 2.1 Fire Magic


You had 4 spell levels left.
You knew the following spells:

 Your Spells              Type           Power        Failure   Level  Hunger
a - Flame Tongue          Conj/Fire      #....        36%         1    ##.....


Dungeon Overview and Level Annotations

Branches:
Dungeon (4/15)
 Temple: D:4-7

Altars:
Ashenzari
Nemelex Xobeh
Qazlal
Zin
The Shining One


Innate Abilities, Weirdness & Mutations

You reflexively headbutt those who attack you in melee.
You have a pair of horns on your head.


Message History

The ogre is lightly wounded.
The ogre hits you with a giant spiked club.
* * * LOW HITPOINT WARNING * * *
Unknown command.
You completely miss the ogre. You headbutt the ogre.
The ogre is moderately wounded.
You barely miss the ogre.
You headbutt the ogre, but do no damage.
The ogre is moderately wounded.
The ogre barely misses you.
You barely miss the ogre. Your headbutt misses the ogre.
The ogre is moderately wounded.
The ogre closely misses you. You furiously retaliate!
You headbutt the ogre! You hit the ogre.
The ogre is severely wounded.
You hit the ogre.
The ogre is severely wounded.
The ogre hits you with a giant spiked club!!
Ouch! That really hurt!
You die...

####
##...#######+#######.
#.....@O.[....O......
#....######..........
#.... #........O.
♣PP.. ########+#.
♣♣P.) ♣♣)♣ ♣♣


You could see an ogre.

Vanquished Creatures
  A gnoll (D:1)
  3 adders
  3 worms
  A leopard gecko (D:1)
  8 bats
  3 giant cockroaches
  11 goblins
  11 hobgoblins
  4 jackals (D:2)
  A quokka (D:2)
  6 frilled lizards
  11 kobolds
  8 rats
71 creatures vanquished.

Notes
Turn   | Place    | Note
-------+----------+-------------------------------------------
     0 | D:1      | inmateoo the Minotaur Fire Elementalist began the quest for the Orb.
     0 | D:1      | Reached XP level 1. HP: 14/14 MP: 1/1
    41 | D:1      | Reached skill level 1 in Unarmed Combat
   259 | D:1      | Reached XP level 2. HP: 11/20 MP: 3/3
   409 | D:1      | Reached skill level 2 in Unarmed Combat
   790 | D:1      | Reached skill level 3 in Unarmed Combat
   790 | D:1      | Reached XP level 3. HP: 20/26 MP: 4/4
  1909 | D:2      | Reached skill level 4 in Unarmed Combat
  1917 | D:2      | Reached XP level 4. HP: 20/33 MP: 5/5
  2125 | D:2      | Found a sparkling altar of Nemelex Xobeh.
  2126 | D:2      | Found a stormy altar of Qazlal.
  2127 | D:2      | Found a glowing silver altar of Zin.
  2158 | D:2      | Found a shattered altar of Ashenzari.
  2434 | D:2      | Found a glowing golden altar of the Shining One.
  2707 | D:4      | Noticed an ogre
  2728 | D:4      | Mangled by an ogre

Skill      XL: |  1  2  3 |
---------------+----------+-----
Unarmed Combat | 1 3 4 |  4.9
Dodging        | |  2.1
Stealth        | |  1.5
Spellcasting   | |  1.3
Conjurations   | |  0.6
Fire Magic     | |  2.1

Action                   |  1- 3 |  4- 6 || total
-------------------------+-------+-------++-------
Melee: Unarmed           |   113 |    83 ||   196
       Headbutt          |    11 |    11 ||    22
       Punch             |       |     3 ||     3
 Cast: Flame Tongue      |     5 |       ||     5
  Use: Scroll            |     2 |     1 ||     3
       Potion            |       |     2 ||     2
 Stab: Sleeping          |     4 |       ||     4
  Eat: Chunk             |     3 |     3 ||     6
Armor: Robe              |     8 |       ||     8
       Ring mail         |    28 |    36 ||    64
Dodge: Dodged            |    61 |    46 ||   107
